 Dungeon Crawl Stone Soup version 0.29.1-1-gd02db6906a (webtiles) character file.

Game seed: 16746573313075885849

182 MisterFreud the Twirler (level 5, -2/38 HPs)
             Began as a Formicid Gladiator on Oct 20, 2022.
             Slain by an orc
             ... wielding a +0 falchion
              (4 damage)
             ... on level 4 of the Dungeon.
             The game lasted 00:02:44 (3277 turns).

MisterFreud the Twirler (Formicid Gladiator)        Turns: 3277, Time: 00:02:45

Health: -2/38      AC: 13    Str: 20    XL:     5   Next: 93%
Magic:  5/5        EV:  7    Int:  8    God:
Gold:   100        SH:  0    Dex: 15    Spells: 4/4 levels left

rFire   . . .      SeeInvis +   a - +2 quarterstaff
rCold   + . .      Faith    .   (no shield)
rNeg    . . .      Spirit   .   l - +0 plate armour
rPois   .          Reflect  .   (helmet unavailable)
rElec   .          Harm     .   e - +1 cloak
rCorr   .          Rampage  .   (no gloves)
Will    .....                   (no boots)
Stlth   ..........              (no amulet)
HPRegen 0.12/turn               j - ring of protection from cold
MPRegen 0.09/turn               (no ring)

@: no status effects
A: permanent stasis, dig shafts and tunnels, antennae 3, four strong arms
a: Dig, Shaft Self


You were on level 4 of the Dungeon.
You visited 1 branch of the dungeon, and saw 4 of its levels.

You collected 100 gold pieces.

Inventory:

Hand Weapons
 a - a +2 quarterstaff (weapon)
Missiles
 c - 3 throwing nets (quivered)
 d - a javelin
Armour
 b - a +0 leather armour
 e - a +1 cloak (worn)
 l - a +0 plate armour (worn)
Jewellery
 j - a ring of protection from cold (left hand)
Wands
 k - a wand of paralysis (14)
Scrolls
 f - a scroll of butterflies
 h - 2 scrolls of immolation
 i - a scroll of poison
Potions
 g - a potion of curing
 m - a potion of brilliance {unknown}
 n - a potion of ambrosia {unknown}


   Skills:
 - Level 2.1 Fighting
 + Level 4.8 Staves
 - Level 2.0 Throwing
 * Level 3.9 Armour
 - Level 2.6 Dodging


You had 4 spell levels left.
You didn't know any spells.
Your spell library contained the following spells:

 Spells                   Type           Power      Damage    Failure   Level
 Beastly Appendage        Tmut           0%         N/A       100%        1
 Wereblood                Tmut           0%         N/A       100%        2
 Spider Form              Tmut/Pois      0%         N/A       100%        3


Dungeon Overview and Level Annotations

Branches:
Dungeon (4/15)
 Temple: D:4-7

Altars:
Cheibriados
Fedhas
Trog
The Shining One


Innate Abilities, Weirdness & Mutations

You cannot be hasted, slowed, berserked, paralysed or teleported.
You can dig through walls and to a lower floor.
You have a pair of large antennae on your head. (SInv)
Your four strong arms can wield two-handed weapons with a shield.


Message History

Your ogre dissolves into shadows!
You hit the orc priest.
The orc priest is lightly wounded.
The orc priest closely misses you. The orc wizard casts a spell at you.
The puff of flame hits you!
You hit the orc priest.
The orc priest is heavily wounded.
The orc priest begins to cast a cantrip, but forgets the words!
You closely miss the orc priest.
The orc priest is heavily wounded.
The orc wizard hits you but does no damage.
The orc priest misses you.
You hit the orc priest.
The orc priest is severely wounded.
The orc wizard gestures at you while chanting.
You resist with some effort. The orc priest hits you with a +0 club.
You hit the orc priest.
The orc priest is almost dead.
The orc priest calls down the wrath of Beogh upon you.
Beogh smites you!
The orc wizard hits you but does no damage.
Unknown command.
You are too injured to fight recklessly!
Unknown command.
You are too injured to fight recklessly!
Unknown command.
You closely miss the orc priest.
The orc priest is almost dead.
The orc wizard hits you but does no damage. x2
The orc hits you but does no damage.
The orc priest calls down the wrath of Beogh upon you.
Pain shoots through your body!
* * * LOW HITPOINT WARNING * * *
Your dart slug closely misses the orc wizard.
Unknown command.
The orc priest attacks as you move away!
The orc priest hits you but does no damage.
The orc attacks as you move away! The orc hits you with a +0 falchion.
You die...

......## .......#
#...... .(......# ..
##....... ..........#..
##.)......
.........##..##.........
..........#..#..........
†........###............
........####....oo.....#
...............w@oo....#
..............#..o....##
.>.............#.....##
..########.....##...##
#.# ##.###.##.## ..# ..
#w.### ..#
##.......##..## .##
##.........##..# .#
##..........###.##


You could see an orc priest, 2 orc wizards, 2 orcs and a friendly dart slug
(summoned).

Vanquished Creatures
  A scorpion (D:3)
  An iguana (D:4)
  4 adders
  A worm (D:2)
  2 dart slugs
  6 endoplasms
  2 giant cockroaches (D:1)
  7 goblins
  8 hobgoblins
  2 quokkas (D:1)
  7 ball pythons
  6 bats
  A kobold (D:3)
  4 rats
52 creatures vanquished.

Notes
Turn   | Place    | Note
-------+----------+-------------------------------------------
     0 | D:1      | MisterFreud the Formicid Gladiator began the quest for the
                  | Orb.
     0 | D:1      | Reached XP level 1. HP: 16/16 MP: 1/1
   319 | D:1      | Reached XP level 2. HP: 19/22 MP: 2/2
   964 | D:1      | Found a faded altar of an unknown god.
   964 | D:1      | Noticed an Executioner
  1083 | D:2      | Reached skill level 4 in Staves
  1083 | D:2      | Reached XP level 3. HP: 21/27 MP: 3/3
  1291 | D:2      | Reached skill level 1 in Armour
  1551 | D:2      | Reached XP level 4. HP: 28/33 MP: 4/4
  2092 | D:3      | Found a glowing golden altar of the Shining One.
  2454 | D:3      | Noticed a scorpion
  2472 | D:3      | Killed a scorpion
  2473 | D:3      | Reached XP level 5. HP: 15/38 MP: 5/5
  2812 | D:3      | Found a blossoming altar of Fedhas.
  3130 | D:4      | Found a bloodstained altar of Trog.
  3137 | D:4      | Found a snail-covered altar of Cheibriados.
  3277 | D:4      | Slain by an orc

Illustrated notes

Levels and vault maps discovered:
D:1:      minmay_arrival_shattered_statue, layout_basic,
          dreamdust_ecumenical_altar_sealed_demon, item_on_display_a
D:2:      layout_rooms, amcnicky_mini_rare_corridor_liquid
D:3:      layout_loops_corners, tso_oasis_becter, marbit_many_paths
D:4:      layout_cave_pods, nicolae_gozag_seed_capital,
          mainiacjoe_overflow_catwalk_spiral, uniq_edmund

Skill      XL: |  1  2  3  4 |
---------------+-------------+-----
Staves         | 4 |  4.8
Armour         | 1 3 |  3.9
Fighting       | |  2.1
Throwing       | |  2.0
Dodging        | |  2.6

Action                   |  1- 3 |  4- 6 || total
-------------------------+-------+-------++-------
Melee: Quarterstaff      |    92 |    87 ||   179
       Punch             |       |     1 ||     1
  Use: Scroll            |       |    10 ||    10
Armor: Leather armour    |    14 |       ||    14
       Plate armour      |    28 |    51 ||    79
Dodge: Dodged            |    47 |    26 ||    73
